 Dungeon Crawl Stone Soup version 0.19.1 (webtiles) character file.

35 KingBobo974 the Skirmisher (level 3, 0/34 HPs)
             Began as a Naga Fighter on Dec 9, 2016.
             Slain by an adder (1 damage)
             ... on level 2 of the Dungeon.
             The game lasted 00:02:44 (682 turns).

KingBobo974 the Skirmisher (Naga Fighter)            Turns: 682, Time: 00:02:45

Health: 0/34       AC:  4    Str: 19    XL:     3   Next: 35%
Magic:  3/3        EV:  5    Int:  8    God:
Gold:   37         SH:  9    Dex: 10    Spells: 0 memorised, 2 levels left

rFire  . . .     SeeInvis +     a - +0 trident
rCold  . . .     Gourm    .     b - +0 scale mail
rNeg   . . .     Faith    .     c - +0 shield
rPois  +         Spirit   .     (no helmet)
rElec  .         Reflect  .     (no cloak)
rCorr  .         Harm     .     (no gloves)
MR     .....                    (no barding)
Stlth  ..........               (no amulet)
                                (no ring)
                                (no ring)

@: very slow
A: see invisible, deformed body, poison resistance, slowness 2, slow metabolism
1, spit poison 1, AC +1
a: Spit Poison


You were on level 2 of the Dungeon.
You were not hungry.

You visited 1 branch of the dungeon, and saw 2 of its levels.

You collected 37 gold pieces.

Inventory:

Hand Weapons
 a - a +0 trident (weapon)
Armour
 b - a +0 scale mail (worn)
 c - a +0 shield (worn)
Scrolls
 e - a scroll of identify {unknown}
 h - a scroll of teleportation {unknown}
 l - a scroll of blinking {unknown}
 n - a scroll of amnesia {unknown}
Potions
 d - a potion of might
 g - a potion of heal wounds {unknown}
 j - a potion of curing {unknown}
 k - a potion of degeneration {unknown}
Comestibles
 f - a bread ration
 i - 5 fruits
 m - a beef jerky


   Skills:
 - Level 3.0 Fighting
 * Level 2.3 Polearms
 + Level 2.8 Armour
 + Level 0.1 Dodging
 * Level 3.0 Shields


You had 2 spell levels left.
You didn't know any spells.

Dungeon Overview and Level Annotations

Branches:
Dungeon (2/15)

Altars:


Innate Abilities, Weirdness & Mutations

You cannot wear boots.
Your serpentine skin is tough. (AC +1)
You have supernaturally acute eyesight. (SInv)
Armour fits poorly on your strangely shaped body.
Your system is resistant to poisons. (rPois)
You cover ground very slowly.
You have a slow metabolism.
You can spit poison.


Message History

You block the adder's attack.
Your shield and scale mail prevent you from hitting the adder.
You block the bat's attack. The adder bites you but does no damage.
You miss the adder. The bat hits you but does no damage. The adder bites you.
* * * LOW HITPOINT WARNING * * *
The adder bites you but does no damage.
You barely miss the adder. The bat hits you.
* * * LOW HITPOINT WARNING * * *
The adder barely misses you.
You miss the adder. You block the bat's attack.
You block the adder's attack. x2
You closely miss the adder. The bat hits you but does no damage.
You block the bat's attack. The adder bites you but does no damage.
The adder bites you.
* * * LOW HITPOINT WARNING * * *
Your scale mail prevents you from hitting the adder.
The bat barely misses you. You block the adder's attack.
You puncture the adder!
The adder is severely wounded.
You block the bat's attack. The adder bites you.
You die...

... #.# ...##..##..# #.#
.......##..# #.#
.......##..# ####.##
.........####.....#
..<..............#
#..#........###.###
...###.S#..†.....†......
.......@................
........#...##...###.###
...#...b#...##...# #.# #
............##...# #.# #
#................# #.###
#..##.###...##...###.#..
#.. .. ......[........#
.. ... ..#..........##.#
.##..........


You could see an adder and a bat.

Vanquished Creatures
  2 oozes (D:1)
  A worm (D:2)
  2 dart slugs
  A bat (D:1)
  2 giant cockroaches (D:1)
  3 goblins (D:1)
  A hobgoblin (D:1)
  3 kobolds (D:1)
  A quokka (D:2)
  A frilled lizard (D:1)
  2 rats (D:1)
19 creatures vanquished.

Notes
Turn   | Place    | Note
-------+----------+-------------------------------------------
     0 | D:1      | KingBobo974 the Naga Fighter began the quest for the Orb.
     0 | D:1      | Reached XP level 1. HP: 21/21 MP: 1/1
    66 | D:1      | Reached XP level 2. HP: 20/28 MP: 2/2
   335 | D:1      | Reached XP level 3. HP: 19/34 MP: 3/3
   680 | D:2      | HP: 1/34 [adder (3)]
   682 | D:2      | Slain by an adder

Skill      XL: |  1  2  3 |
---------------+----------+-----
Shields        | 3 |  3.0
Fighting       | |  3.0
Polearms       | |  2.3
Armour         | |  2.8
Dodging        | |  0.1

Action                   || total
-------------------------++-------
Melee: Trident           ||   102
Armor: Scale mail        ||    36
Dodge: Dodged            ||    25
Block: Shield            ||    48
